 Dungeon Crawl Stone Soup version 0.25-a0-663-gace7076f2c (webtiles) character file.

Game seed: 3156389208244006414, levelgen mode: deterministic

1036 kae the Insei (level 8, -1/53 HPs)
             Began as a Black Draconian Transmuter on Mar 24, 2020.
             Slain by Grinder (3 damage)
             ... while paralysed by Grinder
             ... on level 5 of the Dungeon.
             The game lasted 00:05:36 (4672 turns).

kae the Insei (Black Draconian Transmuter)          Turns: 4672, Time: 00:05:36

Health: -1/53      AC:  2    Str: 12    XL:     8   Next: 4%
Magic:  11/14      EV:  5    Int: 16    God:
Gold:   174        SH:  0    Dex: 17    Spells: 10/16 levels left

rFire    . . .     SeeInvis +     - Unarmed
rCold    . . .     Gourm    .   (shield currently unavailable)
rNeg     + . .     Faith    .   (armour unavailable)
rPois    x         Spirit   .   (helmet currently unavailable)
rElec    .         Reflect  .   (cloak currently unavailable)
rCorr    .         Harm     .   (gloves currently unavailable)
MR       .....     Clarity  +   (boots currently unavailable)
Stlth    ++........             e - amulet of regeneration
HPRegen  0.57/turn              n - ring of positive energy
MPRegen  0.14/turn              (no ring)

@: paralysed, lethally poisoned (-1 -> -13), spider-form
A: tiny, (breathe lightning), unfitting armour, see invisible, clarity, frail 1,
AC +6
a: End Transformation


You were on level 5 of the Dungeon.
You were hungry.
You were a venomous arachnid creature.
You visited 1 branch of the dungeon, and saw 5 of its levels.
You also visited: Sewer.

You collected 174 gold pieces.

Inventory:

Missiles
 a - 55 arrows
Jewellery
 e - an amulet of regeneration (around neck)
 n - a ring of positive energy (left front leg)
Scrolls
 b - 2 scrolls of enchant armour
 i - 5 scrolls of teleportation
 o - 4 scrolls of remove curse
Potions
 g - 2 potions of berserk rage
 h - a potion of brilliance
 k - 3 potions of heal wounds
 l - a potion of haste
Comestibles
 c - 9 rations
 d - 5 chunks of flesh


   Skills:
 - Level 1.1 Fighting
 - Level 1.7 Dodging
 * Level 7.3 Unarmed Combat
 + Level 4.6 Spellcasting
 + Level 5.0 Transmutations


You had 10 spell levels left.
You knew the following spells:

 Your Spells              Type           Power        Failure   Level  Hunger
a - Beastly Appendage     Tmut           ###...       8%          1    None
b - Sticks to Snakes      Tmut           ###.....     11%         2    ##.....
c - Spider Form           Tmut/Pois      ##........   36%         3    ###....

Your spell library contained the following spells:

 Spells                   Type           Power        Failure   Level  Hunger
 Magic Dart               Conj           #...         34%         1    None
 Blink                    Tloc           N/A          45%         2    ##.....
 Call Imp                 Summ           #.......     45%         2    ##.....
 Slow                     Hex            #.......     45%         2    ##.....
 Conjure Flame            Conj/Fire      #.......     65%         3    ###....
 Mephitic Cloud           Conj/Pois/Air  #.......     65%         3    ###....
 Ice Form                 Ice/Tmut       ##......     71%         4    ####...
 Blade Hands              Tmut           ###.......   71%         5    ######.


Dungeon Overview and Level Annotations

Branches:
Dungeon (5/15)              Sewer (visited)
 Temple: D:4-7

Altars:
Nemelex Xobeh
Okawaru
Xom

Annotations:
D:5 Grinder


Innate Abilities, Weirdness & Mutations

((You can breathe wild blasts of lightning.))
((Your glossy black scales are hard. (AC +6)))
You cannot fit into any form of body armour.
((You are resistant to electric shocks. (rElec)))
((You are cold-blooded and may be slowed by cold attacks.))
((You have large cloven feet.))
You have supernaturally acute eyesight. (SInv)
You possess an exceptional clarity of mind.
You are frail. (-10% HP)


Message History

You feel sick. The worker ant completely misses you.
Grinder blinks!
The worker ant completely misses you. Grinder gestures at you.
You suddenly lose the ability to move!
You are feeling hungry.
You feel sick. The worker ant bites you! Grinder hits you!
The worker ant barely misses you.
You feel sick. Grinder hits you!
* * * LOW HITPOINT WARNING * * *
You writhe in agony.
* * * LOW HITPOINT WARNING * * *
The worker ant bites you.
* * * LOW HITPOINT WARNING * * *
You are lethally poisoned!
The worker ant poisons you!
* * * LOW HITPOINT WARNING * * *
You feel sick. Grinder hits you.
* * * LOW HITPOINT WARNING * * *
You writhe in agony.
You die...

#.###...).......#
#..........###..#
#####.##.####..####
#.##...........
#.##.##########
#.##.## ..##..#
#####5# #s#
#.#####a######
#...<..$.......
..............##
##..####>####.# #..
#.# # # ..# ... .#.


You could see Grinder and a worker ant.

Vanquished Creatures
  2 ice beasts
  2 ogres (D:4)
  A centaur (D:5)
  A bullfrog (D:2)
  2 crimson imps
  3 hounds
  4 orc wizards
  11 adders
  3 river rats (Sewer)
  An ooze (D:5)
  5 worms
  2 dart slugs
  2 leopard geckos
  16 orcs
  2 ball pythons
  5 giant cockroaches
  10 goblins
  7 hobgoblins
  8 jackals
  A quokka (D:4)
  15 bats
  15 frilled lizards
  7 kobolds
  8 rats
  A plant (D:2)
134 creatures vanquished.

Vanquished Creatures (collateral kills)
  A leopard gecko (D:2)
  A bat (D:2)
2 creatures vanquished.

Vanquished Creatures (others)
  A bush (D:2)
1 creature vanquished.

Grand Total: 137 creatures vanquished

Notes
Turn   | Place    | Note
-------+----------+-------------------------------------------
     0 | D:1      | kae the Draconian Transmuter began the quest for the Orb.
     0 | D:1      | Reached XP level 1. HP: 16/16 MP: 3/3
   180 | D:1      | Reached XP level 2. HP: 9/23 MP: 5/5
   762 | D:1      | Reached XP level 3. HP: 24/28 MP: 6/6
  1295 | D:2      | Reached skill level 4 in Unarmed Combat
  1395 | D:2      | Reached XP level 4. HP: 35/35 MP: 5/7
  1855 | D:2      | Learned a level 2 spell: Sticks to Snakes
  1861 | D:2      | Reached XP level 5. HP: 31/40 MP: 6/9
  1953 | D:2      | Learned a level 3 spell: Spider Form
  1998 | D:2      | Found a shimmering altar of Xom.
  1999 | D:2      | Found a shimmering altar of Xom.
  1999 | D:2      | Found a shimmering altar of Xom.
  2007 | D:2      | Found a shimmering altar of Xom.
  2007 | D:2      | Found a shimmering altar of Xom.
  2112 | D:2      | Reached skill level 5 in Unarmed Combat
  2338 | D:3      | Reached XP level 6. HP: 47/47 MP: 4/10
  2815 | D:3      | Noticed an ice beast
  2934 | D:3      | Killed an ice beast
  3250 | D:4      | Reached skill level 6 in Unarmed Combat
  3250 | D:4      | Your scales start taking on a glossy black colour.
  3250 | D:4      | Reached XP level 7. HP: 52/52 MP: 8/12
  3250 | D:4      | Gained mutation: You are resistant to electric shocks.
                  | (rElec) [Black Draconian growth]
  3311 | D:3      | Gained mutation: You are frail. (-10% HP) [potion of
                  | mutation]
  3311 | D:3      | Gained mutation: You have supernaturally acute eyesight.
                  | (SInv) [potion of mutation]
  3311 | D:3      | Gained mutation: You have large cloven feet. [potion of
                  | mutation]
  3311 | D:3      | Gained mutation: You possess an exceptional clarity of
                  | mind. [potion of mutation]
  3411 | D:4      | Found an iron altar of Okawaru.
  3514 | D:4      | Found a glowing drain.
  3523 | Sewer    | Entered a sewer
  4306 | D:5      | Entered Level 5 of the Dungeon
  4435 | D:5      | Reached skill level 7 in Unarmed Combat
  4504 | D:5      | Found a sparkling altar of Nemelex Xobeh.
  4601 | D:5      | Reached skill level 5 in Transmutations
  4601 | D:5      | Reached XP level 8. HP: 48/53 MP: 11/14
  4657 | D:5      | Noticed Grinder
  4658 | D:5      | Paralysed by Grinder for 6 turns
  4669 | D:5      | Paralysed by Grinder for 4 turns
  4672 | D:5      | HP: 2/53 [Grinder (3)]
  4672 | D:5      | Slain by Grinder

Levels and vault maps discovered:
D:1:      nzn_arrival_settlement, layout_loops_ring,
          chequers_serial_rivers_small_b
D:2:      layout_basic, first_ration, serial_forest,
          infiniplex_forest_clump_medium, infiniplex_forest_lined_ring,
          infiniplex_forest_lined_corner, infiniplex_forest_clump_medium,
          infiniplex_forest_lined_corner, infiniplex_forest_straight_1,
          chequers_decorated_corner, xom_redecorated
D:3:      layout_loops_ring
D:4:      layout_rooms, kennysheep_mini_moat, portal_sewer_entry_d,
          kennysheep_generic_room_3
D:5:      layout_loops_ring, lemuel_statue_altar, uniq_grinder

Skill      XL: |  1  2  3  4  5  6  7 |
---------------+----------------------+-----
Unarmed Combat | 4 5 6 7 |  7.3
Transmutations | 3 4 5 |  5.0
Spellcasting   | 3 4 |  4.6
Fighting       | |  1.1
Dodging        | |  1.7

Action                   |  1- 3 |  4- 6 |  7- 9 || total
-------------------------+-------+-------+-------++-------
Melee: Unarmed           |   201 |   257 |   135 ||   593
       Tailslap          |    23 |    31 |     6 ||    60
       Kick              |     9 |    14 |     2 ||    25
       Headbutt          |     8 |    11 |     1 ||    20
       Punch             |     4 |     6 |       ||    10
 Cast: Beastly Appendage |    23 |    24 |     1 ||    48
       Sticks to Snakes  |       |     2 |       ||     2
       Spider Form       |       |     3 |    15 ||    18
 Abil: Breathe Lightning |       |       |     2 ||     2
  Use: Scroll            |     2 |     5 |     4 ||    11
       Potion            |       |     2 |     5 ||     7
 Stab: Sleeping          |       |       |     4 ||     4
       Invisible         |       |       |     2 ||     2
  Eat: Chunk             |     2 |     6 |     4 ||    12
       Ration            |       |       |     1 ||     1
Armor: Skin              |    74 |    97 |    21 ||   192
Dodge: Dodged            |   136 |   183 |   123 ||   442

Table legend:
 A = Non-vault XP
 B = Vault XP
 C = Vault XP percentage of total XP
 D = Non-vault monster count
 E = Vault monster count
 F = Vault count percentage of total count
                 A         B        C        D         E       F
            +---------+---------+-------+---------+---------+-------
      Total |    1352 |     129 |   8.7 |     114 |      21 |  15.6
            +---------+---------+-------+---------+---------+-------
        D:1 |      62 |       0 |   0.0 |      36 |       0 |   0.0
        D:2 |     259 |       0 |   0.0 |      24 |       0 |   0.0
        D:3 |     303 |       0 |   0.0 |      28 |       0 |   0.0
        D:4 |     382 |      59 |  13.4 |      14 |       2 |  12.5
        D:5 |     346 |       0 |   0.0 |      12 |       0 |   0.0
      Sewer |       0 |      70 | 100.0 |       0 |      19 | 100.0
            +---------+---------+-------+---------+---------+-------
